 Dungeon Crawl Stone Soup version 0.28-a0-1182-g381e24db82 (webtiles) character file.

Game seed: 4087590065204209722

83 lonewolfV2 the Cudgeller (level 4, 0/51 HPs)
             Began as a Demonspawn Gladiator on Dec 16, 2021.
             Slain by an iguana (2 damage)
             ... on level 3 of the Dungeon.
             The game lasted 00:03:15 (2003 turns).

lonewolfV2 the Cudgeller (Demonspawn Gladiator)     Turns: 2003, Time: 00:03:16

Health: 0/51       AC: 26    Str: 17    XL:     4   Next: 22%
Magic:  4/4        EV:  2    Int:  9    God:
Gold:   27         SH:  0    Dex: 14    Spells: 3/3 levels left

rFire   . . .      SeeInvis .   a - +0 flail
rCold   . . .      Faith    .   (no shield)
rNeg    . . .      Spirit   .   (armour currently unavailable)
rPois   +          Reflect  .   (helmet currently unavailable)
rElec   .          Harm     .   (cloak currently unavailable)
rCorr   .          Rampage  .   (gloves currently unavailable)
Will    .....      NoTele   +   (boots currently unavailable)
Stlth   +.........              (no amulet)
HPRegen 0.17/turn               e - +4 ring of protection
MPRegen 0.09/turn               (no ring)

@: tree-form
A: stationary, stasis, torment immunity, boosted hp, (claws 1), (hooves 1),
(horns 1)
a: no special abilities


You were on level 3 of the Dungeon.
You were a tree.
You visited 1 branch of the dungeon, and saw 3 of its levels.

You collected 27 gold pieces.

Inventory:

Hand Weapons
 a - a +0 flail (weapon)
Missiles
 d - 3 throwing nets (quivered)
Armour
 b - a +0 leather armour (melded)
 c - a +0 helmet
Jewellery
 e - a +4 ring of protection (left branch)
Potions
 f - a potion of mutation


   Skills:
 + Level 2.5 Fighting
 + Level 3.5 Maces & Flails
 + Level 1.9 Throwing
 + Level 1.5 Armour
 + Level 3.0 Dodging
 + Level 0.2 Stealth


You had 3 spell levels left.
You didn't know any spells.
Your spell library was empty.

Dungeon Overview and Level Annotations

Branches:
Dungeon (3/15)

Altars:
Gozag


Innate Abilities, Weirdness & Mutations

You are a tree.
Your roots penetrate the ground, keeping you stationary.
You cannot be teleported.
You are immune to unholy pain and torment.
Your maximum health is greatly increased.
Your equipment is partially melded.
((You have sharp fingernails.))
((You have large cloven feet.))
((You have a pair of small horns on your head.))


Message History

You closely miss the iguana. Your kick misses the iguana.
You headbutt the iguana.
The iguana is lightly wounded.
The iguana bites you!
You closely miss the iguana. Your kick misses the iguana.
You headbutt the iguana.
The iguana is lightly wounded.
The iguana bites you!
* * * LOW HITPOINT WARNING * * *
You closely miss the iguana. You headbutt the iguana.
The iguana is moderately wounded.
The iguana closely misses you. The iguana barely misses you.
You hit the iguana. Your kick misses the iguana.
The iguana is severely wounded.
The iguana bites you.
* * * LOW HITPOINT WARNING * * *
Really quaff the potion of lignification? [Y]es or [N]o only, please.
Really quaff the potion of lignification?
You turn into a tree.
Your +0 leather armour melds into your body.
Your roots penetrate the ground.
The iguana bites you but does no damage.
You aren't carrying any scrolls.
You barely miss the iguana.
The iguana is severely wounded.
The iguana bites you.
* * * LOW HITPOINT WARNING * * *
You hit the iguana but do no damage.
The iguana is severely wounded.
The iguana bites you!
* * * LOW HITPOINT WARNING * * *
An orc comes into view. It is wielding a +0 mace.
The orc shouts!
You hit the iguana.
The iguana is almost dead.
You hear a shout!
The iguana bites you but does no damage.
The iguana bites you.
You die...

#### ###?..##
.>..o. #...
#####o########..
#(..)ool♣)......
#.########.#####
##.####### #
#.........
#.###..#######
#......<....#
#.####....#...#
#...## # #.....


You could see an iguana and 3 orcs.

Vanquished Creatures
  An orc priest (D:3)
  An adder (D:2)
  A worm (D:2)
  5 ball pythons
  An endoplasm (D:1)
  A giant cockroach (D:2)
  A goblin (D:3)
  4 hobgoblins
  7 jackals (D:1)
  3 quokkas (D:1)
  4 bats
  3 kobolds
  6 rats
38 creatures vanquished.

Notes
Turn   | Place    | Note
-------+----------+-------------------------------------------
     0 | D:1      | lonewolfV2 the Demonspawn Gladiator began the quest for the
                  | Orb.
     0 | D:1      | Reached XP level 1. HP: 16/16 MP: 1/1
   420 | D:1      | Discovered your monstrous ancestry.
   420 | D:1      | Gained mutation: You have large cloven feet. [demonic
                  | ancestry]
   420 | D:1      | Reached XP level 2. HP: 15/22 MP: 2/2
   887 | D:1      | You fall into a shaft and drop 1 floor!
   891 | D:2      | Reached skill level 1 in Armour
   952 | D:2      | Gained mutation: You have sharp fingernails. [demonic
                  | ancestry]
   952 | D:2      | Reached XP level 3. HP: 18/27 MP: 3/3
  1314 | D:2      | Found a faded altar of an unknown god.
  1482 | D:2      | Found an opulent altar of Gozag.
  1996 | D:3      | Gained mutation: You have a pair of small horns on your
                  | head. [demonic ancestry]
  1996 | D:3      | Reached XP level 4. HP: 28/34 MP: 4/4
  2002 | D:3      | HP: 2/51 [iguana (7)]
  2003 | D:3      | Slain by an iguana

Illustrated notes

Levels and vault maps discovered:
D:1:      lightli_arrival_boilingwater, layout_loops_ring, corner_web_ring,
          nicolae_wormholes
D:2:      layout_basic, shapermc_ecumenical_altar_mp_highgroup, basic_altar,
          corexii_corridor_pit
D:3:      cheibrodos_old_hovel, layout_basic, minivault_24

Skill      XL: |  1  2  3 |
---------------+----------+-----
Maces & Flails | 3 |  3.5
Armour         | 1 |  1.5
Dodging        | 3 |  3.0
Fighting       | |  2.5
Throwing       | |  1.9
Stealth        | |  0.2

Action                   |  1- 3 |  4- 6 || total
-------------------------+-------+-------++-------
Melee: Flail             |   120 |     7 ||   127
       Kick              |    18 |       ||    18
       Headbutt          |       |     3 ||     3
  Use: Scroll            |     2 |       ||     2
       Potion            |     4 |     1 ||     5
Armor: Leather armour    |    69 |       ||    69
       Skin              |       |     2 ||     2
Dodge: Dodged            |   128 |     2 ||   130

Table legend: (Time is in decaauts)
 A = Elapsed time spent in this place.
 B = Non-inter-level travel time spent in this place.
 C = Inter-level travel time spent in this place.
 D = Time resting spent in this place.
 E = Time spent auto-exploring this place.
 F = Levels seen in this place.
 G = Mean time per level.
                   A        B        C        D        E       F      G
               +--------+--------+--------+--------+--------+-----+--------+
         Total |   2036 |   1932 |    104 |    193 |   1277 |   3 |  678.7 |
       Dungeon |   2036 |   1932 |    104 |    193 |   1277 |   3 |  678.7 |
               +--------+--------+--------+--------+--------+-----+--------+

Top non-repeatable levels by time:
     D:2: 1094 daAuts
     D:1: 905 daAuts
     D:3: 36 daAuts
